TOP OF THE 1ST |
Paris Cubs batting - Pitching for Hamilton Cardinals : RHP Ji-e Shuai
|
Pitching: RHP Ji-e Shuai
|
|
Batting: RHB Willie Rubio
|
0-0: Ball 1-0: Foul Ball, location: 2F 1-1: Ball 2-1: Called Strike 2-2: Strikes out looking
|
Batting: LHB Tyler Schuettler
|
0-0: Fly out, F7 (Flyball, 7, EV 87.5 MPH)
|
Batting: LHB Jeremy Rideout
|
0-0: Ball 1-0: Swinging Strike 1-1: Foul Ball, location: 2F 1-2: Strikes out swinging
|
Top of the 1st over - 0 runs, 0 hits, 0 errors, 0 left on base; Paris 0 - Hamilton 0 |
BOTTOM OF THE 1ST |
Hamilton Cardinals batting - Pitching for Paris Cubs : RHP Chris P. Shephard
|
Pitching: RHP Chris P. Shephard
|
|
Batting: RHB Jonathan Winkler
|
0-0: SINGLE (Groundball, 4S, EV 69.4 MPH) (infield hit)
|
Batting: RHB Juan Carrillo
|
0-0: Ball 1-0: Swinging Strike 1-1: Foul Ball, location: 2F 1-2: Strikes out swinging
|
Batting: SHB Bobby Mercado
|
0-0: Ball Jonathan Winkler is caught stealing 2nd base 2-6 1-0: Fly out, F8 (Flyball, 8LS, EV 90.0 MPH)
|
Bottom of the 1st over - 0 runs, 1 hit, 0 errors, 0 left on base; Paris 0 - Hamilton 0 |
TOP OF THE 2ND |
Paris Cubs batting - Pitching for Hamilton Cardinals : RHP Ji-e Shuai
|
Batting: LHB David Mendez
|
0-0: Called Strike 0-1: Ball 1-1: Swinging Strike 1-2: Strikes out swinging
|
Batting: RHB Jesus Resendez
|
0-0: Called Strike 0-1: Swinging Strike 0-2: Foul Ball, location: 2F 0-2: Ball 1-2: Ball 2-2: Strikes out swinging
|
Batting: LHB Zach Martin
|
0-0: Ball 1-0: Ball 2-0: Foul Ball, location: 2F 2-1: Called Strike 2-2: Ball 3-2: Foul Ball, location: 2F 3-2: Strikes out swinging
|
Top of the 2nd over - 0 runs, 0 hits, 0 errors, 0 left on base; Paris 0 - Hamilton 0 |
BOTTOM OF THE 2ND |
Hamilton Cardinals batting - Pitching for Paris Cubs : RHP Chris P. Shephard
|
Batting: RHB Nelson Salamanca
|
0-0: Foul Ball, location: 2F 0-1: Ball 1-1: Called Strike 1-2: SINGLE (Flyball, 4D, EV 88.8 MPH)
|
Batting: RHB Shou-feng Chang
|
0-0: Swinging Strike 0-1: Swinging Strike 0-2: Ball 1-2: Strikes out swinging
|
Batting: RHB Mario Carbajal
|
0-0: Called Strike 0-1: Foul Ball, location: 2F 0-2: Foul Ball, location: 2F 0-2: Foul Ball, location: 2F 0-2: SINGLE (Line Drive, 7S, EV 103.8 MPH) Nelson Salamanca to second
|
Batting: RHB Edgar Klockow
|
0-0: Foul Ball, location: 2F 0-1: Fly out, F8 (Flyball, 8RXD, EV 104.4 MPH) Runner from 2nd tags up, SAFE at 3rd, no throw by CF
|
Batting: LHB Rafael Banda
|
0-0: Ball 1-0: Ball 2-0: Called Strike 2-1: Swinging Strike 2-2: Ball 3-2: Base on Balls Mario Carbajal to second
|
Batting: LHB Doug Nebel
|
0-0: Foul Ball, location: 2F 0-1: Ball 1-1: Fly out, F6 (Popup, 6M, EV 65.6 MPH)
|
Bottom of the 2nd over - 0 runs, 2 hits, 0 errors, 3 left on base; Paris 0 - Hamilton 0 |
TOP OF THE 3RD |
Paris Cubs batting - Pitching for Hamilton Cardinals : RHP Ji-e Shuai
|
Batting: RHB Mike Snider
|
0-0: Called Strike 0-1: Ball 1-1: Called Strike 1-2: Strikes out swinging
|
Batting: RHB Jason Banks
|
0-0: Ball 1-0: Ball 2-0: Ball 3-0: Called Strike 3-1: Base on Balls
|
Batting: RHB Michihisa Tanaka
|
0-0: Fly out, F7 (Flyball, 7, EV 94.4 MPH)
|
Batting: RHB Willie Rubio
|
0-0: Called Strike 0-1: Ball 1-1: Ball 2-1: Swinging Strike 2-2: Strikes out swinging
|
Top of the 3rd over - 0 runs, 0 hits, 0 errors, 1 left on base; Paris 0 - Hamilton 0 |
BOTTOM OF THE 3RD |
Hamilton Cardinals batting - Pitching for Paris Cubs : RHP Chris P. Shephard
|
Batting: RHB Jonathan Winkler
|
0-0: Ball 1-0: Ball 2-0: Ball 3-0: Base on Balls
|
Batting: RHB Juan Carrillo
|
0-0: Ball Passed Ball! Jonathan Winkler to second 1-0: Ball 2-0: SINGLE (Line Drive, 8LS, EV 111.2 MPH) Jonathan Winkler to third
|
Batting: SHB Bobby Mercado
|
0-0: Called Strike 0-1: Ball 1-1: Ball Passed Ball! Jonathan Winkler scores Juan Carrillo to second 2-1: Ball 3-1: Base on Balls
|
Batting: RHB Nelson Salamanca
|
0-0: Foul Ball, location: 2F 0-1: Called Strike 0-2: Ball 1-2: Strikes out swinging
|
Batting: RHB Shou-feng Chang
|
0-0: 3-RUN HOME RUN (Flyball, 7D, EV 96.9 MPH), Distance : 361 ft
|
Batting: RHB Mario Carbajal
|
0-0: Foul Ball, location: 2F 0-1: Ball 1-1: Swinging Strike 1-2: Ball 2-2: Fly out, F7 (Flyball, 7LD, EV 76.2 MPH)
|
Batting: RHB Edgar Klockow
|
0-0: Called Strike 0-1: Swinging Strike 0-2: Strikes out looking
|
Bottom of the 3rd over - 4 runs, 2 hits, 0 errors, 0 left on base; Paris 0 - Hamilton 4 |
TOP OF THE 4TH |
Paris Cubs batting - Pitching for Hamilton Cardinals : RHP Ji-e Shuai
|
Batting: LHB Tyler Schuettler
|
0-0: Ball 1-0: Swinging Strike 1-1: Foul Ball, location: 2F 1-2: Ball 2-2: Ball 3-2: Foul Ball, location: 2F 3-2: Strikes out looking
|
Batting: LHB Jeremy Rideout
|
0-0: Ground out 4-3 (Groundball, 4M, EV 89.4 MPH)
|
Batting: LHB David Mendez
|
0-0: Ball 1-0: Called Strike 1-1: Ball 2-1: Foul Ball, location: 2F 2-2: Strikes out swinging
|
Top of the 4th over - 0 runs, 0 hits, 0 errors, 0 left on base; Paris 0 - Hamilton 4 |
BOTTOM OF THE 4TH |
Hamilton Cardinals batting - Pitching for Paris Cubs : RHP Chris P. Shephard
|
Batting: LHB Rafael Banda
|
0-0: Ground out 5-3 (Groundball, 6, EV 85.6 MPH)
|
Batting: LHB Doug Nebel
|
0-0: Ball 1-0: Ball 2-0: Ball 3-0: Called Strike 3-1: Fly out, F9 (Flyball, 9, EV 85.0 MPH)
|
Batting: RHB Jonathan Winkler
|
0-0: Swinging Strike 0-1: Foul Ball, location: 2F 0-2: Foul Ball, location: 2F 0-2: Foul Ball, location: 2F 0-2: Ball 1-2: Ball 2-2: Strikes out swinging
|
Bottom of the 4th over - 0 runs, 0 hits, 0 errors, 0 left on base; Paris 0 - Hamilton 4 |
TOP OF THE 5TH |
Paris Cubs batting - Pitching for Hamilton Cardinals : RHP Ji-e Shuai
|
Batting: RHB Jesus Resendez
|
0-0: Ball 1-0: Ball 2-0: Ball 3-0: Called Strike 3-1: Foul Ball, location: 2F 3-2: Foul Ball, location: 2F 3-2: Ground out 5-3 (Groundball, 56, EV 97.5 MPH)
|
Batting: LHB Zach Martin
|
0-0: Ball 1-0: Ball 2-0: Called Strike 2-1: SINGLE (Groundball, 3S, EV 65.0 MPH) (infield hit)
|
Batting: RHB Mike Snider
|
0-0: Ball 1-0: Called Strike 1-1: Called Strike 1-2: Ball 2-2: Ball 3-2: Strikes out looking
|
Batting: RHB Jason Banks
|
0-0: Ball 1-0: Ball 2-0: Ball 3-0: Base on Balls Zach Martin to second
|
Pitching: RHP Norietsu Higashi
|
|
Batting: RHB Michihisa Tanaka
|
0-0: Ball 1-0: Ground out 4-3 (Groundball, 4, EV 81.9 MPH)
|
Top of the 5th over - 0 runs, 1 hit, 0 errors, 2 left on base; Paris 0 - Hamilton 4 |
BOTTOM OF THE 5TH |
Hamilton Cardinals batting - Pitching for Paris Cubs : RHP Chris P. Shephard
|
Batting: RHB Juan Carrillo
|
0-0: Ball 1-0: Called Strike 1-1: Called Strike 1-2: Ball 2-2: Ball 3-2: Fly out, F8 (Flyball, 89D, EV 96.2 MPH)
|
Batting: SHB Bobby Mercado
|
0-0: Fly out, F6 (Popup, 6S, EV 60.6 MPH)
|
Batting: RHB Nelson Salamanca
|
0-0: Ball 1-0: Fly out, F9 (Flyball, 9LD, EV 85.0 MPH)
|
Bottom of the 5th over - 0 runs, 0 hits, 0 errors, 0 left on base; Paris 0 - Hamilton 4 |
TOP OF THE 6TH |
Paris Cubs batting - Pitching for Hamilton Cardinals : RHP Norietsu Higashi
|
Batting: RHB Willie Rubio
|
0-0: Called Strike 0-1: Ground out 5-3 (Groundball, 56S, EV 70.6 MPH)
|
Batting: LHB Tyler Schuettler
|
0-0: Ball 1-0: Called Strike 1-1: Foul Ball, location: 2F 1-2: Strikes out swinging
|
Batting: LHB Jeremy Rideout
|
0-0: Ball 1-0: Called Strike 1-1: Called Strike 1-2: Ball 2-2: Strikes out looking
|
Top of the 6th over - 0 runs, 0 hits, 0 errors, 0 left on base; Paris 0 - Hamilton 4 |
BOTTOM OF THE 6TH |
Hamilton Cardinals batting - Pitching for Paris Cubs : RHP Chris P. Shephard
|
Pitching: LHP Mike Anderson
|
|
Batting: RHB Shou-feng Chang
|
0-0: Ball 1-0: Foul Ball, location: 2F 1-1: Foul Ball, location: 2F 1-2: Strikes out looking
|
Batting: RHB Mario Carbajal
|
0-0: Ground out 4-3 (Groundball, 4, EV 84.4 MPH)
|
Batting: RHB Edgar Klockow
|
0-0: Ball 1-0: Swinging Strike 1-1: Foul Ball, location: 2F 1-2: SINGLE (Groundball, 56, EV 108.1 MPH) (infield hit)
|
Batting: LHB Rafael Banda
|
0-0: Ball 1-0: Foul Ball, location: 2F 1-1: Fielders Choice at 2nd, U6 (Groundball, 4M, EV 103.8 MPH)
|
Bottom of the 6th over - 0 runs, 1 hit, 0 errors, 1 left on base; Paris 0 - Hamilton 4 |
TOP OF THE 7TH |
Paris Cubs batting - Pitching for Hamilton Cardinals : RHP Norietsu Higashi
|
Batting: LHB David Mendez
|
0-0: Ball 1-0: Ball 2-0: Called Strike 2-1: Foul Ball, location: 2F 2-2: Ball 3-2: Strikes out swinging
|
Pinch Hitting: LHB Bobby Marlatt
|
0-0: Ball 1-0: Ball 2-0: Ball 3-0: Base on Balls
|
Batting: LHB Zach Martin
|
0-0: Called Strike 0-1: Foul Ball, location: 2F 0-2: Ball 1-2: Ball 2-2: Foul Ball, location: 2F 2-2: Ball 3-2: Strikes out swinging
|
Batting: RHB Mike Snider
|
0-0: Ball 1-0: SINGLE (Line Drive, 4MD, EV 95.0 MPH) Bobby Marlatt to second
|
Batting: RHB Jason Banks
|
0-0: Ball 1-0: Ball 2-0: Called Strike 2-1: Swinging Strike 2-2: Strikes out looking
|
Top of the 7th over - 0 runs, 1 hit, 0 errors, 2 left on base; Paris 0 - Hamilton 4 |
BOTTOM OF THE 7TH |
Hamilton Cardinals batting - Pitching for Paris Cubs : LHP Mike Anderson
|
Now in RF: Bobby Marlatt
|
|
Batting: LHB Doug Nebel
|
0-0: Called Strike 0-1: Swinging Strike 0-2: Strikes out swinging
|
Batting: RHB Jonathan Winkler
|
0-0: Ball 1-0: Called Strike 1-1: Foul Ball, location: 2F 1-2: Foul Ball, location: 2F 1-2: Ball 2-2: Ball 3-2: Foul Ball, location: 2F 3-2: Strikes out swinging, 2-3 out at first.
|
Batting: RHB Juan Carrillo
|
0-0: Ball 1-0: Ball 2-0: Ball 3-0: Base on Balls
|
Batting: SHB Bobby Mercado
|
0-0: Ball Juan Carrillo steals 2nd base 1-0: Called Strike 1-1: Swinging Strike 1-2: Ball Passed Ball! Juan Carrillo to third 2-2: DOUBLE (Flyball, 8RXD, EV 105.6 MPH) Juan Carrillo scores
|
Batting: RHB Nelson Salamanca
|
0-0: Ball 1-0: SINGLE (Flyball, 9S, EV 98.8 MPH) Bobby Mercado to third Runner from 3rd tries for Home, SAFE, throw by RF to home
|
Batting: RHB Shou-feng Chang
|
0-0: Called Strike 0-1: Foul Ball, location: 2F 0-2: Hit by Pitch Nelson Salamanca to second
|
Batting: RHB Mario Carbajal
|
0-0: Ball 1-0: Swinging Strike 1-1: Swinging Strike 1-2: Ball 2-2: Fly out, F7 (Flyball, 78S, EV 90.6 MPH)
|
Bottom of the 7th over - 2 runs, 2 hits, 0 errors, 2 left on base; Paris 0 - Hamilton 6 |
TOP OF THE 8TH |
Paris Cubs batting - Pitching for Hamilton Cardinals : RHP Norietsu Higashi
|
Batting: RHB Michihisa Tanaka
|
0-0: Swinging Strike 0-1: Swinging Strike 0-2: Ball 1-2: Strikes out swinging, 2-3 out at first.
|
Pinch Hitting: LHB Don Crockett
|
0-0: Ball 1-0: Ball 2-0: Called Strike 2-1: Foul Ball, location: 2F 2-2: Ball 3-2: Foul Ball, location: 2F 3-2: Base on Balls
|
Batting: LHB Tyler Schuettler
|
0-0: Ball 1-0: Swinging Strike 1-1: Ball 2-1: Ball 3-1: Foul Ball, location: 2F 3-2: Strikes out swinging
|
Batting: LHB Jeremy Rideout
|
0-0: Hit by Pitch Don Crockett to second
|
Batting: LHB David Mendez
|
0-0: Ball 1-0: Ball 2-0: Called Strike 2-1: Foul Ball, location: 2F 2-2: Foul Ball, location: 2F 2-2: Strikes out swinging
|
Top of the 8th over - 0 runs, 0 hits, 0 errors, 2 left on base; Paris 0 - Hamilton 6 |
BOTTOM OF THE 8TH |
Hamilton Cardinals batting - Pitching for Paris Cubs : LHP Mike Anderson
|
Pitching: LHP Dusty Blubaugh
|
|
Now in CF: Don Crockett
|
|
Batting: RHB Edgar Klockow
|
0-0: Called Strike 0-1: Ground out 3-1 (Groundball, 13, EV 78.8 MPH)
|
Batting: LHB Rafael Banda
|
0-0: Ground out U3 (Groundball, 3, EV 80.0 MPH)
|
Batting: RHB Arnold Schuler
|
0-0: Ball 1-0: Fly out, F9 (Flyball, 9LS, EV 95.6 MPH)
|
Bottom of the 8th over - 0 runs, 0 hits, 0 errors, 0 left on base; Paris 0 - Hamilton 6 |
TOP OF THE 9TH |
Paris Cubs batting - Pitching for Hamilton Cardinals : RHP Norietsu Higashi
|
Batting: LHB Bobby Marlatt
|
0-0: Foul Ball, location: 2F 0-1: Foul Ball, location: 2F 0-2: Strikes out looking
|
Batting: LHB Zach Martin
|
0-0: Called Strike 0-1: Swinging Strike 0-2: Ball 1-2: Strikes out swinging
|
Batting: RHB Mike Snider
|
0-0: Ball 1-0: Foul Ball, location: 2F 1-1: Foul Ball, location: 2F 1-2: Ground out 2-3 (Groundball, 13S, EV 64.4 MPH)
|
Top of the 9th over - 0 runs, 0 hits, 0 errors, 0 left on base; Paris 0 - Hamilton 6 |
|